 Dungeon Crawl Stone Soup version 0.27-a0-1228-gfd60fd639a (webtiles) character file.

Game seed: 17460853909924175510

45 ZappyNine the Chiller (level 3, -5/25 (26) HPs)
             Began as a Draconian Ice Elementalist on June 7, 2021.
             Slain by Crazy Yiuf
             ... wielding a +3 quarterstaff of chaos
              (6 damage)
             ... on level 2 of the Dungeon.
             The game lasted 00:02:15 (2145 turns).

ZappyNine the Chiller (Draconian Ice Elementalist)  Turns: 2145, Time: 00:02:16

HP:   -5/25 (26)    AC: 12    Str: 10    XL:     3   Next: 42%
MP:   1/7           EV: 17    Int: 16    God:
Gold: 44            SH:  0    Dex: 11    Spells: 0/7 levels left

rFire    . . .     SeeInvis .   f - +0 dagger
rCold    . . .     Faith    .   (no shield)
rNeg     . . .     Spirit   .   (armour unavailable)
rPois    .         Reflect  .   (helmet restricted)
rElec    .         Harm     .   (no cloak)
rCorr    .         Rampage  .   (no gloves)
Will     .....                  e - +0 pair of boots
Stlth    ++........             (no amulet)
HPRegen  0.08/turn              (no ring)
MPRegen  0.10/turn              (no ring)

@: agile, ice-armoured, lightly drained
A: AC +5, unfitting armour, cold-blooded
a: no special abilities


You were on level 2 of the Dungeon.
You visited 1 branch of the dungeon, and saw 2 of its levels.

You collected 44 gold pieces.

Inventory:

Hand Weapons
 f - a +0 dagger (weapon)
Armour
 e - a +0 pair of boots (worn)
Scrolls
 a - 2 scrolls of teleportation {unknown}
 b - a scroll of vulnerability {unknown}
 c - a scroll of identify {unknown}
 d - 2 scrolls of fear {unknown}
 h - a scroll of immolation {unknown}
Potions
 g - a potion of mutation {unknown}
 i - a potion of cancellation {unknown}


   Skills:
 - Level 1.7 Dodging
 - Level 1.7 Stealth
 + Level 2.9 Spellcasting
 + Level 4.6 Ice Magic


You couldn't memorise any spells.
You knew the following spells:

 Your Spells              Type           Power      Damage    Failure   Level
a - Freeze                Ice            68%        1d8       2%          1
b - Frozen Ramparts       Ice            34%        1d5       9%          3
c - Ozocubu's Armour      Ice            17%        N/A       9%          3

Your spell library contained the following spells:

 Spells                   Type           Power      Damage    Failure   Level
 Hailstorm                Conj/Ice       9%         3d4       58%         4
 Metabolic Englaciation   Hex/Ice        4%         N/A       90%         5


Dungeon Overview and Level Annotations

Branches:
Dungeon (2/15)

Altars:

Shops:
D:2 [*

Annotations:
D:2 Crazy Yiuf


Innate Abilities, Weirdness & Mutations

Your plain brown scales are hard. (AC +5)
You cannot fit into any form of body armour.
You are cold-blooded and may be slowed by cold attacks.


Message History

You closely miss Crazy Yiuf.
Crazy Yiuf is lightly wounded.
Crazy Yiuf screams, "Snower dark hog!"
Crazy Yiuf hits you with a +3 quarterstaff of chaos!
You feel yourself slow down. Crazy Yiuf freezes you.
You barely miss Crazy Yiuf.
You tail-slap Crazy Yiuf, but do no damage.
Crazy Yiuf is lightly wounded.
Crazy Yiuf says, "Two Orb Guardian koolooloo!"
Crazy Yiuf hits you with a +3 quarterstaff of chaos.
You feel your power leaking away.
Your magical contamination has completely faded away.
You hit Crazy Yiuf but do no damage.
Your tail-slap misses Crazy Yiuf.
Crazy Yiuf is lightly wounded.
You feel yourself speed up. Crazy Yiuf misses you.
Crazy Yiuf hits you but does no damage.
Unknown command.
You hit Crazy Yiuf but do no damage.
Your tail-slap misses Crazy Yiuf.
Crazy Yiuf is lightly wounded.
Crazy Yiuf cries, "Dawk return to song turtle!"
Crazy Yiuf closely misses you.
Unknown command.
You hit Crazy Yiuf but do no damage.
Crazy Yiuf is lightly wounded.
Crazy Yiuf hits you with a +3 quarterstaff of chaos.
* * * LOW HITPOINT WARNING * * *
You feel agile all of a sudden.
Unknown command.
Unknown command.
You hit Crazy Yiuf.
Crazy Yiuf is lightly wounded.
Crazy Yiuf hits you with a +3 quarterstaff of chaos.
* * * LOW HITPOINT WARNING * * *
You feel drained.
* * * LOW HITPOINT WARNING * * *
Unknown command.
You hit Crazy Yiuf but do no damage.
Your tail-slap misses Crazy Yiuf.
Crazy Yiuf is lightly wounded.
Crazy Yiuf hits you with a +3 quarterstaff of chaos.
You die...

#...##...##
.†........##
...........#
.........###
.........# .........#
....##...# ### ♣♣####
...####### #)..#♣♣
♣♣.#..## ...#
#...g@♣♣♣♣......#
...#
#...#♣..♣.......#
...# ### ♣♣♣.♣..#.#.#
.#.####### ♣♣♣♣♣###.#
##.##....# #..#
#.....###############
#.## ..#.###
#..(......#####.#
###.#
#...............# #.#
#........########


You could see Crazy Yiuf.

Vanquished Creatures
  An adder (D:2)
  A worm (D:2)
  5 ball pythons
  5 endoplasms
  2 giant cockroaches (D:2)
  2 goblins
  2 hobgoblins (D:1)
  3 quokkas
  3 bats
  3 frilled lizards (D:2)
  A kobold (D:2)
  4 rats
32 creatures vanquished.

Notes
Turn   | Place    | Note
-------+----------+-------------------------------------------
     0 | D:1      | ZappyNine the Draconian Ice Elementalist began the quest
                  | for the Orb.
     0 | D:1      | Reached XP level 1. HP: 14/14 MP: 3/3
   585 | D:1      | Reached XP level 2. HP: 20/20 MP: 3/5
  1253 | D:2      | Found Quupoh's Assorted Antiques.
  1293 | D:2      | Reached XP level 3. HP: 6/26 MP: 4/7
  1598 | D:2      | Learned a level 3 spell: Frozen Ramparts
  1664 | D:2      | Found Igimolig's Armour Emporium.
  2124 | D:2      | Found a runed translucent door.
  2125 | D:2      | Noticed Crazy Yiuf
  2132 | D:2      | Learned a level 3 spell: Ozocubu's Armour
  2144 | D:2      | HP: 1/25 [Crazy Yiuf/+3 quarterstaff of chaos (1)]
  2145 | D:2      | Slain by Crazy Yiuf

Illustrated notes

Levels and vault maps discovered:
D:1:      ncdulo_smallfort, layout_loops_ring
D:2:      layout_rooms, serial_shops, shop, nicolae_shop_trees,
          minmay_misc_feat_square, uniq_crazy_yiuf_cottage

Action                   || total
-------------------------++-------
Melee: Unarmed           ||     7
       Dagger            ||    79
       Tailslap          ||     8
 Cast: Freeze            ||    16
       Frozen Ramparts   ||     3
       Ozocubu's Armour  ||     1
 Stab: Sleeping          ||     2
Armor: Skin              ||    24
Dodge: Dodged            ||    54

Table legend: (Time is in decaauts)
 A = Elapsed time spent in this place.
 B = Non-inter-level travel time spent in this place.
 C = Inter-level travel time spent in this place.
 D = Time resting spent in this place.
 E = Time spent auto-exploring this place.
 F = Levels seen in this place.
 G = Mean time per level.
                   A        B        C        D        E       F      G
               +--------+--------+--------+--------+--------+-----+--------+
         Total |   2156 |   2108 |     48 |     10 |   1840 |   2 | 1078.0 |
       Dungeon |   2156 |   2108 |     48 |     10 |   1840 |   2 | 1078.0 |
               +--------+--------+--------+--------+--------+-----+--------+

Top non-repeatable levels by time:
     D:1: 1137 daAuts
     D:2: 1018 daAuts
